[ AOE2 MATCH · #464374901 ]
Team RMCumans vs Britons
[ REPLAY ANALYSIS · EXTRACTED FROM THE RECORDED GAME ]
Feudal
18:18
Castle
32:40
Imperial
48:50
| APM avg | 8.9 |
| APM peak | 40 |
| eAPM avg | 7.8 |
| Villagers / military | 80 / 122 |
Focus
⚔️ 36.3% · 🌾 63.7%
Camel Scout ×47 · Archer ×40 · Kipchak ×20 · Militia ×12 · Trade Cart ×10 · Mangonel ×3
Feudal
16:15
Castle
23:42
Imperial
40:05
| APM avg | 13.3 |
| APM peak | 69 |
| eAPM avg | 12.5 |
| Villagers / military | 131 / 260 |
Focus
⚔️ 43.5% · 🌾 56.5%
Camel Scout ×253 · Trade Cart ×18 · Trebuchet (Packed) ×7
Feudal
11:27
Castle
20:53
Imperial
38:38
| APM avg | 13.9 |
| APM peak | 51 |
| eAPM avg | 9.8 |
| Villagers / military | 65 / 184 |
Focus
⚔️ 51.7% · 🌾 48.3%
Skirmisher ×81 · Scout Cavalry ×49 · Obuch ×27 · Knight ×26 · Trebuchet (Packed) ×1
Feudal
13:07
Castle
23:46
Imperial
36:06
| APM avg | 21.8 |
| APM peak | 157 |
| eAPM avg | 14.5 |
| Villagers / military | 62 / 188 |
Focus
⚔️ 42.7% · 🌾 57.3%
Shotel Warrior ×155 · Bombard Cannon ×30 · Fishing Ship ×22 · Trade Cart ×15 · Demolition Raft ×2 · Monk ×1
Feudal
16:49
Castle
32:16
Imperial
41:31
| APM avg | 14.8 |
| APM peak | 49 |
| eAPM avg | 13.4 |
| Villagers / military | 106 / 247 |
Focus
⚔️ 45.8% · 🌾 54.2%
Spearman ×168 · Knight ×70 · Trade Cart ×36 · Trebuchet (Packed) ×7 · Monk ×1 · Mangonel ×1
Feudal
15:26
Castle
25:43
Imperial
35:04
| APM avg | 15.8 |
| APM peak | 46 |
| eAPM avg | 9.5 |
| Villagers / military | 91 / 92 |
Focus
⚔️ 36.1% · 🌾 63.9%
Longbowman ×74 · Trade Cart ×20 · Skirmisher ×9 · Battering Ram ×8 · Fishing Ship ×5 · Monk ×1
Feudal
—
Castle
—
Imperial
—
| APM avg | 8.3 |
| APM peak | 34 |
| eAPM avg | 5.5 |
| Villagers / military | 30 / 34 |
Focus
⚔️ 29.9% · 🌾 70.1%
Skirmisher ×13 · Archer ×9 · Cavalry Archer ×5 · Militia ×2 · Trade Cart ×2 · Camel Scout ×2
Feudal
14:40
Castle
25:04
Imperial
35:05
| APM avg | 10.2 |
| APM peak | 34 |
| eAPM avg | 8.2 |
| Villagers / military | 98 / 257 |
Focus
⚔️ 36.4% · 🌾 63.6%
Knight ×96 · Spearman ×81 · Karambit Warrior ×73 · Trade Cart ×36 · Trebuchet (Packed) ×6 · Monk ×1
Match map
Initial resources + every placement click. Lines = walls · curves = elevation contours. ◆ gold · ⬟ stone · ● berries · ✦ relic · ◌ wall gap
Your base
jotape07's base
paingerman's base· Open — unwalled flank
guillo's base
Nashushamen's base
Tr4ppDinTiMe's base
KrawatteFaser37's base· Open — 7t gap
bxyao's base
Smoothed initial terrain · ◌ = detected wall gap · hover for details
Inputs per minute
— PRIMUS INTER PARES - - jotape07
Build order — PRIMUS INTER PARES
First 150 of 345 actions detected
| 0:54 | Research | Loom |
| 0:55 | Create | Villager (Male) |
| 0:55 | Create | Villager (Male) |
| 0:55 | Create | Villager (Male) |
| 0:56 | Create | Villager (Male) |
| 0:56 | Create | Villager (Male) |
| 1:04 | Build | House |
| 1:25 | Build | Palisade Wall |
| 3:15 | Build | Palisade Wall |
| 4:25 | Create | Villager (Male) |
| 4:25 | Create | Villager (Male) |
| 6:13 | Create | Villager (Male) |
| 6:13 | Create | Villager (Male) |
| 6:14 | Create | Villager (Male) |
| 6:14 | Create | Villager (Male) |
| 7:29 | Build | Palisade Wall |
| 8:48 | Create | Villager (Male) |
| 8:48 | Create | Villager (Male) |
| 8:55 | Build | House |
| 8:57 | Build | House |
| 8:58 | Build | House |
| 10:11 | Create | Villager (Male) |
| 10:38 | Create | Villager (Male) |
| 10:54 | Create | Villager (Male) |
| 11:13 | Build | Mill |
| 11:34 | Create | Villager (Male) |
| 11:47 | Build | Lumber Camp |
| 12:12 | Create | Villager (Male) |
| 12:16 | Create | Villager (Male) |
| 12:29 | Create | Villager (Male) |
| 13:49 | Create | Villager (Male) |
| 13:50 | Create | Villager (Male) |
| 14:36 | Create | Villager (Male) |
| 16:03 | Build | Mining Camp |
| 16:08 | Research | Feudal Age |
| 16:20 | Build | Mining Camp |
| 17:04 | Build | House |
| 17:05 | Build | House |
| 17:06 | Build | House |
| 17:08 | Build | House |
| 17:09 | Build | House |
| 18:09 | Create | Villager (Male) |
| 18:18 | Age | Feudal Age |
| 18:53 | Build | Town Center |
| 19:10 | Research | Double-Bit Axe |
| 19:26 | Research | Wheelbarrow |
| 19:28 | Create | Villager (Male) |
| 19:29 | Create | Villager (Male) |
| 20:08 | Create | Villager (Male) |
| 20:48 | Build | Farm |
| 20:50 | Build | Farm |
| 20:51 | Build | Farm |
| 20:53 | Build | Farm |
| 20:54 | Build | Farm |
| 20:57 | Build | Farm |
| 20:58 | Build | Farm |
| 21:01 | Research | Horse Collar |
| 21:44 | Create | Villager (Male) |
| 22:06 | Build | Market |
| 22:38 | Create | Villager (Male) |
| 22:39 | Create | Villager (Male) |
| 23:00 | Create | Villager (Male) |
| 23:01 | Create | Villager (Male) |
| 23:07 | Build | Farm |
| 23:14 | Create | Villager (Male) |
| 23:19 | Create | Villager (Male) |
| 23:19 | Create | Villager (Male) |
| 23:23 | Research | Gold Mining |
| 23:26 | Research | Stone Mining |
| 24:02 | Create | Trade Cart |
| 24:02 | Create | Trade Cart |
| 24:39 | Build | Farm |
| 24:40 | Build | Farm |
| 24:41 | Build | Farm |
| 25:23 | Create | Villager (Male) |
| 25:24 | Create | Villager (Male) |
| 25:24 | Create | Villager (Male) |
| 25:27 | Create | Villager (Male) |
| 25:28 | Create | Villager (Male) |
| 25:28 | Create | Villager (Male) |
| 25:48 | Build | Market |
| 26:03 | Build | Farm |
| 26:11 | Build | Barracks |
| 26:29 | Build | Farm |
| 26:37 | Create | Villager (Male) |
| 26:38 | Create | Villager (Male) |
| 26:40 | Create | Villager (Male) |
| 26:40 | Create | Villager (Male) |
| 26:52 | Build | House |
| 26:54 | Build | House |
| 26:55 | Build | House |
| 26:56 | Build | House |
| 26:58 | Build | House |
| 27:00 | Build | House |
| 27:02 | Build | House |
| 27:20 | Build | Farm |
| 27:21 | Build | Farm |
| 27:25 | Create | Villager (Male) |
| 27:25 | Create | Villager (Male) |
| 27:29 | Create | Villager (Male) |
| 27:29 | Create | Villager (Male) |
| 28:06 | Build | Blacksmith |
| 28:13 | Build | Farm |
| 28:43 | Create | Trade Cart |
| 28:43 | Create | Trade Cart |
| 28:44 | Create | Trade Cart |
| 29:05 | Build | Barracks |
| 29:09 | Build | Barracks |
| 29:13 | Build | Barracks |
| 29:38 | Build | Lumber Camp |
| 30:00 | Research | Castle Age |
| 30:04 | Create | Villager (Male) |
| 30:04 | Create | Villager (Male) |
| 30:04 | Create | Villager (Male) |
| 30:04 | Create | Villager (Male) |
| 30:32 | Create | Trade Cart |
| 30:32 | Create | Trade Cart |
| 30:37 | Create | Trade Cart |
| 30:46 | Build | Farm |
| 30:52 | Create | Villager (Male) |
| 31:02 | Build | Farm |
| 31:05 | Create | Villager (Male) |
| 31:05 | Create | Villager (Male) |
| 31:16 | Create | Villager (Male) |
| 31:24 | Research | Arson |
| 31:49 | Build | Archery Range |
| 31:53 | Build | Archery Range |
| 31:57 | Build | Archery Range |
| 32:04 | Build | Archery Range |
| 32:15 | Build | Stable |
| 32:20 | Build | Stable |
| 32:24 | Build | Stable |
| 32:29 | Build | Stable |
| 32:34 | Build | Stable |
| 32:40 | Age | Castle Age |
| 32:58 | Build | Castle |
| 33:57 | Research | Man-at-Arms (upgrade) |
| 33:58 | Research | Squires |
| 34:16 | Research | Hand Cart |
| 34:17 | Create | Villager (Male) |
| 34:17 | Create | Villager (Male) |
| 34:17 | Create | Villager (Male) |
| 34:21 | Create | Villager (Male) |
| 34:21 | Create | Villager (Male) |
| 34:22 | Create | Villager (Male) |
| 34:41 | Research | Long Swordsman (upgrade) |
| 34:47 | Research | Crossbowman (upgrade) |
| 34:51 | Create | Archer |
| 34:51 | Create | Archer |
| 34:51 | Create | Archer |
Build order — jotape07
First 150 of 610 actions detected
| 0:31 | Research | Loom |
| 0:35 | Create | Villager (Male) |
| 0:36 | Create | Villager (Male) |
| 0:36 | Create | Villager (Male) |
| 0:36 | Create | Villager (Male) |
| 0:37 | Create | Villager (Male) |
| 0:48 | Build | House |
| 2:13 | Create | Villager (Male) |
| 2:15 | Create | Villager (Male) |
| 3:32 | Create | Villager (Male) |
| 3:32 | Create | Villager (Male) |
| 3:41 | Build | House |
| 3:43 | Build | House |
| 4:21 | Create | Villager (Male) |
| 4:21 | Create | Villager (Male) |
| 4:21 | Create | Villager (Male) |
| 5:25 | Create | Villager (Male) |
| 6:06 | Create | Villager (Male) |
| 6:12 | Create | Villager (Male) |
| 6:25 | Build | Mill |
| 7:18 | Build | House |
| 7:20 | Build | House |
| 8:15 | Create | Villager (Male) |
| 8:15 | Create | Villager (Male) |
| 8:16 | Create | Villager (Male) |
| 8:16 | Create | Villager (Male) |
| 8:16 | Create | Villager (Male) |
| 8:17 | Create | Villager (Male) |
| 8:30 | Build | House |
| 9:43 | Create | Villager (Male) |
| 9:44 | Create | Villager (Male) |
| 9:44 | Create | Villager (Male) |
| 9:44 | Create | Villager (Male) |
| 10:22 | Create | Villager (Male) |
| 10:22 | Create | Villager (Male) |
| 10:23 | Create | Villager (Male) |
| 10:54 | Build | Lumber Camp |
| 11:32 | Create | Villager (Male) |
| 11:32 | Create | Villager (Male) |
| 11:32 | Create | Villager (Male) |
| 11:33 | Create | Villager (Male) |
| 13:08 | Research | Feudal Age |
| 13:29 | Build | Mill |
| 14:11 | Build | Mining Camp |
| 14:51 | Build | Mill |
| 15:03 | Build | House |
| 15:06 | Build | House |
| 16:15 | Age | Feudal Age |
| 16:18 | Create | Villager (Male) |
| 16:18 | Create | Villager (Male) |
| 16:18 | Create | Villager (Male) |
| 16:19 | Create | Villager (Male) |
| 16:19 | Create | Villager (Male) |
| 16:20 | Create | Villager (Male) |
| 16:30 | Build | Farm |
| 16:31 | Build | Farm |
| 16:31 | Build | Farm |
| 16:31 | Build | Farm |
| 16:32 | Build | Farm |
| 16:32 | Build | Farm |
| 16:33 | Build | Farm |
| 16:37 | Create | Villager (Male) |
| 16:37 | Create | Villager (Male) |
| 16:37 | Create | Villager (Male) |
| 16:56 | Create | Villager (Male) |
| 16:57 | Create | Villager (Male) |
| 16:57 | Create | Villager (Male) |
| 16:57 | Create | Villager (Male) |
| 17:45 | Build | Mining Camp |
| 18:06 | Build | Market |
| 18:18 | Build | Farm |
| 18:18 | Build | Farm |
| 18:18 | Build | Farm |
| 18:44 | Build | Lumber Camp |
| 19:27 | Build | Blacksmith |
| 19:37 | Build | Farm |
| 19:37 | Build | Farm |
| 19:38 | Build | Farm |
| 19:38 | Build | Farm |
| 19:38 | Build | Farm |
| 20:25 | Create | Trade Cart |
| 20:26 | Create | Trade Cart |
| 20:26 | Create | Trade Cart |
| 20:26 | Create | Trade Cart |
| 20:35 | Create | Villager (Male) |
| 20:35 | Create | Villager (Male) |
| 20:35 | Create | Villager (Male) |
| 20:36 | Create | Villager (Male) |
| 20:36 | Create | Villager (Male) |
| 20:47 | Build | House |
| 20:49 | Build | House |
| 20:50 | Build | House |
| 20:52 | Build | House |
| 21:02 | Research | Castle Age |
| 21:38 | Build | Farm |
| 21:38 | Build | Farm |
| 21:39 | Build | Farm |
| 21:39 | Build | Farm |
| 22:08 | Build | Farm |
| 22:29 | Create | Villager (Male) |
| 22:29 | Create | Villager (Male) |
| 22:44 | Build | Barracks |
| 22:54 | Research | Scale Barding Armor |
| 22:56 | Research | Forging |
| 23:28 | Build | House |
| 23:30 | Build | House |
| 23:32 | Build | House |
| 23:42 | Age | Castle Age |
| 24:11 | Build | Town Center |
| 24:20 | Create | Villager (Male) |
| 24:23 | Create | Villager (Male) |
| 24:45 | Build | Town Center |
| 25:12 | Build | Town Center |
| 25:26 | Create | Villager (Male) |
| 25:26 | Create | Villager (Male) |
| 25:26 | Create | Villager (Male) |
| 25:27 | Create | Villager (Male) |
| 25:27 | Create | Villager (Male) |
| 25:27 | Create | Villager (Male) |
| 25:28 | Create | Villager (Male) |
| 25:37 | Research | Double-Bit Axe |
| 26:03 | Build | Stable |
| 26:37 | Research | Gold Mining |
| 26:38 | Research | Stone Mining |
| 26:48 | Research | Stone Mining |
| 27:01 | Research | Chain Barding Armor |
| 27:05 | Research | Iron Casting |
| 27:12 | Research | Caravan |
| 27:12 | Create | Trade Cart |
| 27:13 | Create | Trade Cart |
| 27:13 | Create | Trade Cart |
| 27:27 | Build | University |
| 27:36 | Build | Monastery |
| 28:02 | Build | Farm |
| 28:02 | Build | Farm |
| 28:02 | Build | Farm |
| 28:03 | Build | Farm |
| 28:03 | Build | Farm |
| 28:07 | Create | Villager (Male) |
| 28:07 | Create | Villager (Male) |
| 28:07 | Create | Villager (Male) |
| 28:15 | Create | Villager (Male) |
| 28:16 | Create | Villager (Male) |
| 28:16 | Create | Villager (Male) |
| 28:16 | Create | Villager (Male) |
| 28:17 | Create | Villager (Male) |
| 28:17 | Create | Villager (Male) |
| 28:17 | Create | Villager (Male) |
| 28:48 | Create | Villager (Male) |
| 28:48 | Create | Villager (Male) |
Build order — paingerman
First 150 of 400 actions detected
| 0:05 | Research | Loom |
| 0:06 | Create | Villager (Male) |
| 0:06 | Create | Villager (Male) |
| 0:06 | Create | Villager (Male) |
| 0:06 | Create | Villager (Male) |
| 0:07 | Create | Villager (Male) |
| 0:07 | Create | Villager (Male) |
| 0:15 | Build | Mill |
| 0:19 | Build | House |
| 0:24 | Build | House |
| 0:47 | Build | House |
| 1:23 | Build | House |
| 2:34 | Create | Villager (Male) |
| 3:04 | Create | Villager (Male) |
| 3:04 | Create | Villager (Male) |
| 3:31 | Create | Villager (Male) |
| 3:31 | Create | Villager (Male) |
| 3:32 | Create | Villager (Male) |
| 4:03 | Create | Villager (Male) |
| 4:04 | Create | Villager (Male) |
| 4:04 | Create | Villager (Male) |
| 4:04 | Create | Villager (Male) |
| 4:28 | Create | Villager (Male) |
| 4:28 | Create | Villager (Male) |
| 5:05 | Create | Villager (Male) |
| 5:05 | Create | Villager (Male) |
| 5:06 | Create | Villager (Male) |
| 5:19 | Create | Villager (Male) |
| 5:19 | Create | Villager (Male) |
| 6:16 | Create | Villager (Male) |
| 6:16 | Create | Villager (Male) |
| 6:17 | Create | Villager (Male) |
| 6:17 | Create | Villager (Male) |
| 7:12 | Build | Barracks |
| 8:49 | Build | Palisade Wall |
| 8:54 | Build | Palisade Wall |
| 9:05 | Build | Palisade Gate |
| 9:17 | Research | Feudal Age |
| 9:19 | Create | Villager (Male) |
| 9:19 | Create | Villager (Male) |
| 10:30 | Create | Villager (Male) |
| 10:30 | Create | Villager (Male) |
| 10:31 | Create | Villager (Male) |
| 11:23 | Create | Villager (Male) |
| 11:23 | Create | Villager (Male) |
| 11:24 | Create | Villager (Male) |
| 11:24 | Create | Villager (Male) |
| 11:24 | Create | Villager (Male) |
| 11:25 | Create | Villager (Male) |
| 11:27 | Age | Feudal Age |
| 12:01 | Build | Palisade Wall |
| 12:27 | Build | Blacksmith |
| 13:01 | Research | Wheelbarrow |
| 14:13 | Research | Horse Collar |
| 16:56 | Build | Stable |
| 18:10 | Build | Lumber Camp |
| 18:13 | Research | Castle Age |
| 18:14 | Research | Castle Age |
| 18:15 | Create | Villager (Male) |
| 18:15 | Create | Villager (Male) |
| 18:15 | Create | Villager (Male) |
| 18:15 | Create | Villager (Male) |
| 18:31 | Build | Farm |
| 18:31 | Build | Farm |
| 18:32 | Build | Farm |
| 18:32 | Build | Farm |
| 18:32 | Build | Farm |
| 18:32 | Build | Farm |
| 18:33 | Build | Farm |
| 19:12 | Create | Scout Cavalry |
| 19:13 | Create | Scout Cavalry |
| 19:30 | Build | Farm |
| 19:30 | Build | Farm |
| 19:31 | Build | Farm |
| 19:31 | Build | Farm |
| 19:31 | Build | Farm |
| 19:32 | Build | Farm |
| 19:32 | Build | Farm |
| 19:32 | Build | Farm |
| 19:32 | Build | Farm |
| 19:33 | Build | Farm |
| 19:37 | Build | Farm |
| 19:37 | Build | Farm |
| 19:37 | Build | Farm |
| 19:37 | Build | Farm |
| 19:38 | Build | Farm |
| 19:38 | Build | Farm |
| 19:38 | Build | Farm |
| 19:39 | Build | Farm |
| 19:39 | Build | Farm |
| 19:39 | Build | Farm |
| 19:40 | Build | Farm |
| 19:40 | Build | Farm |
| 19:42 | Build | Farm |
| 19:42 | Build | Farm |
| 19:43 | Build | Farm |
| 19:43 | Build | Farm |
| 19:43 | Build | Farm |
| 19:44 | Build | Farm |
| 19:44 | Build | Farm |
| 19:44 | Build | Farm |
| 19:44 | Build | Farm |
| 19:45 | Build | Farm |
| 19:45 | Build | Farm |
| 19:45 | Build | Farm |
| 19:46 | Build | Farm |
| 19:46 | Build | Farm |
| 19:46 | Build | Farm |
| 19:46 | Build | Farm |
| 19:47 | Build | Farm |
| 19:47 | Build | Farm |
| 19:47 | Build | Farm |
| 19:49 | Build | Farm |
| 20:19 | Build | Farm |
| 20:24 | Create | Scout Cavalry |
| 20:24 | Create | Scout Cavalry |
| 20:39 | Build | Farm |
| 20:51 | Create | Scout Cavalry |
| 20:52 | Create | Scout Cavalry |
| 20:53 | Age | Castle Age |
| 21:13 | Build | House |
| 21:28 | Create | Scout Cavalry |
| 21:29 | Create | Scout Cavalry |
| 21:39 | Build | Farm |
| 21:56 | Build | House |
| 22:02 | Build | House |
| 22:16 | Create | Scout Cavalry |
| 22:16 | Create | Scout Cavalry |
| 22:16 | Create | Scout Cavalry |
| 22:16 | Create | Scout Cavalry |
| 22:36 | Create | Villager (Male) |
| 22:36 | Create | Villager (Male) |
| 22:36 | Create | Villager (Male) |
| 23:03 | Build | Mining Camp |
| 23:18 | Build | House |
| 24:04 | Build | Farm |
| 24:05 | Build | Farm |
| 24:34 | Build | House |
| 24:35 | Build | House |
| 24:52 | Research | Light Cavalry (upgrade) |
| 24:53 | Research | Bloodlines |
| 24:56 | Research | Husbandry |
| 25:57 | Research | Hand Cart |
| 26:09 | Build | House |
| 26:19 | Create | Villager (Male) |
| 26:20 | Create | Villager (Male) |
| 26:20 | Create | Villager (Male) |
| 26:20 | Create | Villager (Male) |
| 26:20 | Create | Villager (Male) |
| 26:21 | Create | Villager (Male) |
Build order — guillo
First 150 of 392 actions detected
| 0:05 | Build | House |
| 0:07 | Build | House |
| 0:22 | Create | Villager (Male) |
| 0:22 | Create | Villager (Male) |
| 0:22 | Create | Villager (Male) |
| 0:23 | Create | Villager (Male) |
| 0:23 | Create | Villager (Male) |
| 2:02 | Build | Palisade Wall |
| 2:07 | Research | Loom |
| 2:08 | Create | Villager (Male) |
| 2:35 | Create | Villager (Male) |
| 2:35 | Create | Villager (Male) |
| 4:18 | Create | Villager (Male) |
| 4:18 | Create | Villager (Male) |
| 4:19 | Create | Villager (Male) |
| 4:19 | Create | Villager (Male) |
| 4:19 | Create | Villager (Male) |
| 4:20 | Create | Villager (Male) |
| 6:06 | Build | House |
| 6:36 | Create | Villager (Male) |
| 6:37 | Create | Villager (Male) |
| 6:37 | Create | Villager (Male) |
| 6:37 | Create | Villager (Male) |
| 6:38 | Create | Villager (Male) |
| 8:02 | Build | Dock |
| 8:49 | Create | Villager (Male) |
| 8:50 | Create | Villager (Male) |
| 8:50 | Create | Villager (Male) |
| 8:50 | Create | Villager (Male) |
| 9:08 | Build | Lumber Camp |
| 10:23 | Create | Fishing Ship |
| 10:24 | Create | Fishing Ship |
| 10:24 | Create | Fishing Ship |
| 10:32 | Build | House |
| 10:57 | Research | Feudal Age |
| 11:45 | Build | Mill |
| 12:18 | Build | Barracks |
| 12:27 | Create | Fishing Ship |
| 12:27 | Create | Fishing Ship |
| 12:40 | Build | House |
| 12:46 | Build | House |
| 13:07 | Age | Feudal Age |
| 13:08 | Create | Villager (Male) |
| 13:09 | Create | Villager (Male) |
| 13:09 | Create | Villager (Male) |
| 13:10 | Create | Villager (Male) |
| 13:10 | Create | Villager (Male) |
| 13:12 | Create | Villager (Male) |
| 13:12 | Create | Villager (Male) |
| 13:25 | Research | Tech 906 |
| 13:32 | Create | Demolition Raft |
| 13:37 | Create | Fishing Ship |
| 13:37 | Create | Fishing Ship |
| 13:50 | Build | Mining Camp |
| 14:15 | Research | Double-Bit Axe |
| 14:34 | Build | Fish Trap |
| 14:44 | Build | Fish Trap |
| 15:06 | Build | Fish Trap |
| 15:33 | Research | Gold Mining |
| 15:33 | Research | Stone Mining |
| 15:52 | Build | Fish Trap |
| 16:08 | Build | Fish Trap |
| 16:26 | Build | Fish Trap |
| 16:42 | Build | Fish Trap |
| 16:55 | Research | Wheelbarrow |
| 17:01 | Create | Villager (Male) |
| 17:01 | Create | Villager (Male) |
| 17:02 | Create | Villager (Male) |
| 17:02 | Create | Villager (Male) |
| 17:11 | Build | House |
| 17:19 | Build | House |
| 17:21 | Build | House |
| 17:46 | Build | Market |
| 18:26 | Create | Demolition Raft |
| 18:47 | Build | Dock |
| 19:05 | Create | Fishing Ship |
| 19:05 | Create | Fishing Ship |
| 19:05 | Create | Fishing Ship |
| 19:23 | Build | House |
| 19:37 | Build | Blacksmith |
| 19:50 | Build | Fish Trap |
| 20:06 | Create | Fishing Ship |
| 20:06 | Create | Fishing Ship |
| 20:06 | Create | Fishing Ship |
| 20:39 | Build | Fish Trap |
| 20:52 | Build | Fish Trap |
| 21:06 | Research | Castle Age |
| 21:12 | Build | Fish Trap |
| 21:33 | Build | Fish Trap |
| 21:41 | Create | Fishing Ship |
| 21:41 | Create | Fishing Ship |
| 21:58 | Build | House |
| 22:01 | Build | House |
| 22:02 | Build | House |
| 22:03 | Build | House |
| 22:15 | Create | Fishing Ship |
| 22:27 | Build | Fish Trap |
| 23:02 | Build | Fish Trap |
| 23:26 | Build | Fish Trap |
| 23:46 | Age | Castle Age |
| 23:57 | Build | Castle |
| 24:13 | Create | Trade Cart |
| 24:14 | Create | Trade Cart |
| 24:14 | Create | Trade Cart |
| 24:26 | Build | House |
| 24:28 | Build | House |
| 24:33 | Build | House |
| 24:36 | Build | House |
| 24:55 | Build | House |
| 24:59 | Build | House |
| 25:10 | Research | Gillnets |
| 25:13 | Create | Fishing Ship |
| 25:13 | Create | Fishing Ship |
| 25:21 | Create | Fishing Ship |
| 25:21 | Create | Fishing Ship |
| 25:27 | Research | Caravan |
| 25:54 | Create | Villager (Male) |
| 25:54 | Create | Villager (Male) |
| 25:54 | Create | Villager (Male) |
| 26:00 | Build | Monastery |
| 26:30 | Research | Bow Saw |
| 26:36 | Build | Fish Trap |
| 27:00 | Build | Fish Trap |
| 27:07 | Build | Fish Trap |
| 27:19 | Create | Fishing Ship |
| 27:19 | Create | Fishing Ship |
| 27:57 | Build | Town Center |
| 28:38 | Build | Fish Trap |
| 29:02 | Create | Monk |
| 29:15 | Create | Shotel Warrior |
| 29:15 | Create | Shotel Warrior |
| 29:16 | Create | Shotel Warrior |
| 29:16 | Create | Shotel Warrior |
| 29:16 | Create | Shotel Warrior |
| 29:16 | Create | Shotel Warrior |
| 29:18 | Create | Shotel Warrior |
| 29:19 | Create | Shotel Warrior |
| 29:19 | Create | Shotel Warrior |
| 29:19 | Create | Shotel Warrior |
| 29:20 | Create | Shotel Warrior |
| 29:20 | Create | Shotel Warrior |
| 29:20 | Create | Shotel Warrior |
| 29:21 | Create | Shotel Warrior |
| 29:21 | Create | Shotel Warrior |
| 29:21 | Create | Shotel Warrior |
| 29:32 | Create | Villager (Male) |
| 29:33 | Create | Villager (Male) |
| 29:33 | Create | Villager (Male) |
| 29:35 | Research | Gold Shaft Mining |
| 29:36 | Research | Stone Shaft Mining |
Build order — Nashushamen
First 150 of 590 actions detected
| 0:04 | Research | Loom |
| 0:04 | Create | Villager (Male) |
| 0:04 | Create | Villager (Male) |
| 0:05 | Create | Villager (Male) |
| 0:05 | Create | Villager (Male) |
| 0:05 | Create | Villager (Male) |
| 0:25 | Build | Palisade Wall |
| 0:41 | Build | Palisade Wall |
| 1:08 | Build | Palisade Wall |
| 2:19 | Build | Mining Camp |
| 2:33 | Build | House |
| 4:29 | Create | Villager (Male) |
| 4:30 | Create | Villager (Male) |
| 5:06 | Build | House |
| 5:25 | Create | Villager (Male) |
| 5:41 | Create | Villager (Male) |
| 6:14 | Create | Villager (Male) |
| 6:48 | Create | Villager (Male) |
| 6:55 | Build | House |
| 7:04 | Create | Villager (Male) |
| 7:23 | Create | Villager (Male) |
| 7:51 | Create | Villager (Male) |
| 7:51 | Create | Villager (Male) |
| 8:05 | Build | House |
| 8:08 | Build | House |
| 8:09 | Build | House |
| 8:32 | Create | Villager (Male) |
| 8:32 | Create | Villager (Male) |
| 8:53 | Create | Villager (Male) |
| 8:53 | Create | Villager (Male) |
| 9:12 | Create | Villager (Male) |
| 9:25 | Build | Outpost |
| 9:39 | Create | Villager (Male) |
| 10:05 | Build | Lumber Camp |
| 10:24 | Create | Villager (Male) |
| 11:00 | Create | Villager (Male) |
| 11:15 | Build | Mill |
| 11:28 | Create | Villager (Male) |
| 11:29 | Create | Villager (Male) |
| 11:30 | Create | Villager (Male) |
| 11:49 | Build | Lumber Camp |
| 12:28 | Create | Villager (Male) |
| 12:28 | Create | Villager (Male) |
| 13:15 | Build | Mining Camp |
| 13:56 | Build | Mining Camp |
| 14:16 | Build | Palisade Gate |
| 14:39 | Research | Feudal Age |
| 15:43 | Build | House |
| 15:44 | Build | House |
| 15:45 | Build | House |
| 15:46 | Build | House |
| 15:47 | Build | House |
| 15:48 | Build | House |
| 15:50 | Build | House |
| 16:14 | Build | House |
| 16:16 | Build | House |
| 16:17 | Build | House |
| 16:18 | Build | House |
| 16:19 | Build | House |
| 16:21 | Build | House |
| 16:22 | Build | House |
| 16:32 | Create | Villager (Male) |
| 16:32 | Create | Villager (Male) |
| 16:49 | Age | Feudal Age |
| 17:08 | Build | Stone Wall |
| 17:18 | Build | Stone Wall |
| 17:26 | Build | Outpost |
| 17:33 | Research | Gold Mining |
| 17:34 | Research | Stone Mining |
| 17:41 | Create | Villager (Male) |
| 18:36 | Build | Mill |
| 19:10 | Build | Stone Wall |
| 19:16 | Build | Stone Wall |
| 19:20 | Build | Building 490 |
| 19:34 | Build | Stone Wall |
| 19:39 | Build | Building 487 |
| 19:49 | Create | Villager (Male) |
| 20:42 | Build | Market |
| 20:47 | Build | Market |
| 20:52 | Build | Market |
| 21:10 | Research | Double-Bit Axe |
| 21:13 | Create | Villager (Male) |
| 21:14 | Create | Villager (Male) |
| 21:15 | Create | Villager (Male) |
| 21:19 | Create | Villager (Male) |
| 21:20 | Create | Villager (Male) |
| 21:20 | Create | Villager (Male) |
| 22:05 | Build | Barracks |
| 22:09 | Build | Stone Wall |
| 22:44 | Build | Building 673 |
| 23:49 | Create | Villager (Male) |
| 23:49 | Create | Villager (Male) |
| 23:49 | Create | Villager (Male) |
| 23:57 | Build | Stable |
| 24:00 | Build | Stable |
| 24:23 | Build | Stone Wall |
| 24:43 | Create | Trade Cart |
| 24:44 | Create | Trade Cart |
| 24:44 | Create | Trade Cart |
| 24:51 | Build | Farm |
| 24:53 | Build | Farm |
| 25:11 | Build | Farm |
| 25:26 | Create | Villager (Male) |
| 25:26 | Create | Villager (Male) |
| 25:26 | Create | Villager (Male) |
| 25:27 | Create | Villager (Male) |
| 25:27 | Create | Villager (Male) |
| 25:44 | Build | House |
| 25:45 | Build | House |
| 25:46 | Build | House |
| 25:48 | Build | House |
| 25:51 | Build | House |
| 25:54 | Build | House |
| 26:01 | Build | Stone Wall |
| 26:29 | Build | Farm |
| 26:34 | Build | Farm |
| 26:40 | Build | Farm |
| 26:49 | Build | Lumber Camp |
| 27:13 | Build | Barracks |
| 27:18 | Create | Villager (Male) |
| 27:19 | Create | Villager (Male) |
| 27:19 | Create | Villager (Male) |
| 27:19 | Create | Villager (Male) |
| 27:20 | Create | Villager (Male) |
| 27:53 | Build | Farm |
| 27:55 | Build | Farm |
| 27:56 | Build | Farm |
| 27:58 | Build | Farm |
| 27:59 | Build | Farm |
| 28:01 | Build | Farm |
| 28:03 | Build | Farm |
| 28:09 | Build | Farm |
| 28:12 | Build | Farm |
| 28:21 | Build | Building 487 |
| 28:36 | Build | Farm |
| 28:40 | Research | Castle Age |
| 28:58 | Build | Farm |
| 29:16 | Build | Farm |
| 29:45 | Build | House |
| 29:46 | Build | House |
| 29:47 | Build | House |
| 29:54 | Build | House |
| 30:08 | Build | Farm |
| 30:12 | Build | Mill |
| 30:17 | Create | Villager (Male) |
| 30:17 | Create | Villager (Male) |
| 30:17 | Create | Villager (Male) |
| 30:20 | Research | Wheelbarrow |
| 30:20 | Research | Town Watch |
| 30:31 | Build | Barracks |
Build order — Tr4ppDinTiMe
First 150 of 371 actions detected
| 0:16 | Build | House |
| 0:34 | Build | Palisade Wall |
| 0:39 | Build | Palisade Wall |
| 0:50 | Create | Villager (Male) |
| 0:50 | Create | Villager (Male) |
| 0:50 | Create | Villager (Male) |
| 0:50 | Create | Villager (Male) |
| 1:01 | Build | House |
| 2:17 | Build | Lumber Camp |
| 2:25 | Research | Loom |
| 2:26 | Create | Villager (Male) |
| 3:03 | Create | Villager (Male) |
| 3:03 | Create | Villager (Male) |
| 4:14 | Create | Villager (Male) |
| 4:14 | Create | Villager (Male) |
| 4:15 | Create | Villager (Male) |
| 4:40 | Build | Palisade Wall |
| 6:08 | Build | Palisade Wall |
| 6:25 | Build | Palisade Wall |
| 6:31 | Create | Villager (Male) |
| 6:31 | Create | Villager (Male) |
| 6:32 | Create | Villager (Male) |
| 6:32 | Create | Villager (Male) |
| 6:32 | Create | Villager (Male) |
| 7:34 | Create | Villager (Male) |
| 7:35 | Create | Villager (Male) |
| 8:18 | Build | House |
| 8:51 | Build | Mill |
| 9:51 | Create | Villager (Male) |
| 9:51 | Create | Villager (Male) |
| 9:52 | Create | Villager (Male) |
| 9:53 | Create | Villager (Male) |
| 9:53 | Create | Villager (Male) |
| 9:54 | Create | Villager (Male) |
| 9:54 | Create | Villager (Male) |
| 10:39 | Build | House |
| 11:20 | Build | House |
| 11:43 | Research | Feudal Age |
| 12:21 | Build | Dock |
| 13:24 | Create | Fishing Ship |
| 14:05 | Build | Mining Camp |
| 14:32 | Build | Mining Camp |
| 15:26 | Age | Feudal Age |
| 15:32 | Build | Watch Tower |
| 15:35 | Research | Wheelbarrow |
| 15:56 | Research | Double-Bit Axe |
| 16:10 | Create | Villager (Male) |
| 16:11 | Create | Villager (Male) |
| 16:11 | Create | Villager (Male) |
| 16:11 | Create | Villager (Male) |
| 16:11 | Create | Villager (Male) |
| 16:44 | Build | Blacksmith |
| 16:50 | Build | Market |
| 16:58 | Create | Villager (Male) |
| 16:59 | Create | Villager (Male) |
| 16:59 | Create | Villager (Male) |
| 17:00 | Create | Villager (Male) |
| 17:00 | Create | Villager (Male) |
| 17:00 | Create | Villager (Male) |
| 17:00 | Create | Villager (Male) |
| 17:01 | Create | Villager (Male) |
| 17:14 | Build | Farm |
| 17:16 | Build | Farm |
| 17:17 | Build | Farm |
| 17:48 | Build | Farm |
| 17:56 | Build | Farm |
| 18:11 | Build | Farm |
| 18:37 | Research | Stone Mining |
| 18:43 | Build | Farm |
| 18:50 | Build | House |
| 18:54 | Build | House |
| 19:35 | Research | Horse Collar |
| 19:49 | Build | Farm |
| 19:53 | Build | Farm |
| 20:15 | Build | Farm |
| 20:41 | Build | Barracks |
| 20:55 | Build | House |
| 21:09 | Build | Farm |
| 21:11 | Build | Farm |
| 21:55 | Create | Fishing Ship |
| 22:07 | Build | House |
| 22:12 | Build | House |
| 22:20 | Build | Archery Range |
| 22:37 | Build | Farm |
| 22:44 | Build | Farm |
| 23:03 | Research | Castle Age |
| 23:24 | Create | Trade Cart |
| 23:33 | Create | Trade Cart |
| 23:41 | Create | Trade Cart |
| 23:42 | Create | Trade Cart |
| 23:43 | Create | Trade Cart |
| 24:07 | Create | Skirmisher |
| 24:15 | Create | Skirmisher |
| 24:17 | Create | Skirmisher |
| 24:19 | Create | Skirmisher |
| 24:37 | Create | Skirmisher |
| 25:08 | Build | Stone Wall |
| 25:12 | Build | Building 487 |
| 25:18 | Build | Stone Wall |
| 25:40 | Build | Fish Trap |
| 25:43 | Age | Castle Age |
| 25:55 | Research | Bow Saw |
| 26:00 | Research | Heavy Plow |
| 26:03 | Create | Villager (Male) |
| 26:03 | Create | Villager (Male) |
| 26:04 | Create | Villager (Male) |
| 26:04 | Create | Villager (Male) |
| 26:04 | Create | Villager (Male) |
| 26:05 | Create | Villager (Male) |
| 26:05 | Create | Villager (Male) |
| 26:05 | Create | Villager (Male) |
| 26:05 | Create | Villager (Male) |
| 26:09 | Create | Villager (Male) |
| 26:59 | Build | Lumber Camp |
| 27:44 | Build | House |
| 27:45 | Build | House |
| 27:46 | Build | House |
| 27:48 | Build | House |
| 27:58 | Research | Gold Mining |
| 28:24 | Build | House |
| 28:25 | Build | House |
| 29:02 | Build | House |
| 29:03 | Build | House |
| 29:04 | Build | House |
| 29:10 | Build | House |
| 29:28 | Create | Skirmisher |
| 29:28 | Create | Skirmisher |
| 29:29 | Create | Skirmisher |
| 29:29 | Create | Skirmisher |
| 29:44 | Build | Town Center |
| 30:00 | Build | House |
| 30:01 | Build | House |
| 30:05 | Build | House |
| 30:16 | Build | Stable |
| 30:19 | Build | House |
| 31:11 | Build | Monastery |
| 31:20 | Build | University |
| 31:29 | Create | Villager (Male) |
| 31:30 | Create | Villager (Male) |
| 31:32 | Create | Villager (Male) |
| 31:32 | Create | Villager (Male) |
| 31:32 | Create | Villager (Male) |
| 31:32 | Create | Villager (Male) |
| 31:33 | Create | Villager (Male) |
| 31:33 | Create | Villager (Male) |
| 31:33 | Create | Villager (Male) |
| 31:34 | Create | Villager (Male) |
| 31:34 | Create | Villager (Male) |
| 31:34 | Create | Villager (Male) |
| 31:34 | Create | Villager (Male) |
Build order — KrawatteFaser37
144 actions detected in the replay
| 0:19 | Create | Villager (Male) |
| 0:19 | Create | Villager (Male) |
| 0:19 | Create | Villager (Male) |
| 0:20 | Create | Villager (Male) |
| 0:20 | Create | Villager (Male) |
| 0:21 | Research | Loom |
| 0:29 | Build | House |
| 0:29 | Build | House |
| 0:31 | Build | House |
| 0:32 | Build | House |
| 2:24 | Create | Villager (Male) |
| 3:06 | Create | Villager (Male) |
| 3:31 | Create | Villager (Male) |
| 4:14 | Build | Lumber Camp |
| 4:21 | Create | Villager (Male) |
| 4:21 | Create | Villager (Male) |
| 4:56 | Create | Villager (Male) |
| 4:57 | Create | Villager (Male) |
| 5:21 | Build | Mill |
| 6:30 | Create | Villager (Male) |
| 6:30 | Create | Villager (Male) |
| 7:59 | Create | Villager (Male) |
| 8:00 | Create | Villager (Male) |
| 8:18 | Build | Barracks |
| 9:53 | Research | Feudal Age |
| 10:18 | Build | Dock |
| 11:31 | Create | Fishing Ship |
| 11:31 | Create | Fishing Ship |
| 11:45 | Build | Mining Camp |
| 12:17 | Create | Villager (Male) |
| 12:17 | Create | Villager (Male) |
| 12:19 | Research | Wheelbarrow |
| 13:03 | Build | Archery Range |
| 13:27 | Research | Man-at-Arms (upgrade) |
| 13:58 | Research | Town Watch |
| 14:04 | Research | Arson |
| 14:18 | Build | Mining Camp |
| 14:22 | Create | Villager (Male) |
| 14:23 | Create | Villager (Male) |
| 15:14 | Research | Horse Collar |
| 15:34 | Build | Farm |
| 15:56 | Research | Double-Bit Axe |
| 16:16 | Build | Blacksmith |
| 17:01 | Create | Villager (Male) |
| 17:02 | Create | Villager (Male) |
| 17:23 | Build | House |
| 17:25 | Build | House |
| 18:11 | Research | Fletching |
| 18:12 | Research | Padded Archer Armor |
| 18:14 | Research | Forging |
| 19:28 | Build | Market |
| 20:33 | Build | House |
| 20:34 | Build | House |
| 20:59 | Create | Villager (Male) |
| 20:59 | Create | Villager (Male) |
| 21:36 | Build | Farm |
| 21:41 | Create | Trade Cart |
| 21:41 | Create | Trade Cart |
| 21:58 | Build | House |
| 22:11 | Build | Stable |
| 23:20 | Research | Castle Age |
| 24:48 | Build | Farm |
| 25:22 | Build | Mining Camp |
| 25:26 | Research | Bloodlines |
| 25:29 | Create | Militia |
| 25:30 | Create | Spearman |
| 25:30 | Create | Militia |
| 25:37 | Create | Skirmisher |
| 25:37 | Create | Skirmisher |
| 25:37 | Create | Skirmisher |
| 25:47 | Build | Farm |
| 25:54 | Build | Farm |
| 26:05 | Build | House |
| 26:14 | Build | Monastery |
| 26:29 | Research | Bow Saw |
| 26:57 | Build | Stable |
| 27:09 | Create | Monk |
| 27:30 | Research | Husbandry |
| 28:07 | Build | Watch Tower |
| 28:21 | Build | Farm |
| 28:47 | Build | Lumber Camp |
| 28:54 | Research | Bodkin Arrow |
| 29:03 | Build | Fish Trap |
| 29:08 | Build | Fish Trap |
| 29:33 | Research | Heavy Plow |
| 30:50 | Build | Farm |
| 30:56 | Build | Farm |
| 31:08 | Build | Watch Tower |
| 31:13 | Research | Crossbowman (upgrade) |
| 31:14 | Research | Elite Skirmisher (upgrade) |
| 31:20 | Research | Scale Mail Armor |
| 31:59 | Create | Archer |
| 32:00 | Create | Archer |
| 32:03 | Create | Skirmisher |
| 32:04 | Create | Skirmisher |
| 32:37 | Research | Light Cavalry (upgrade) |
| 32:43 | Create | Villager (Male) |
| 32:43 | Create | Villager (Male) |
| 33:05 | Build | Castle |
| 33:20 | Build | Farm |
| 33:49 | Build | House |
| 33:50 | Build | House |
| 33:51 | Build | House |
| 34:02 | Create | Scout Cavalry |
| 34:07 | Research | Pikeman (upgrade) |
| 34:21 | Create | Villager (Male) |
| 34:21 | Create | Villager (Male) |
| 34:25 | Create | Archer |
| 34:25 | Create | Archer |
| 34:26 | Create | Archer |
| 34:26 | Create | Skirmisher |
| 34:27 | Create | Skirmisher |
| 34:28 | Create | Cavalry Archer |
| 34:29 | Create | Cavalry Archer |
| 35:03 | Build | Farm |
| 35:35 | Build | Farm |
| 36:04 | Research | Thumb Ring |
| 36:05 | Create | Archer |
| 36:05 | Create | Archer |
| 36:06 | Create | Skirmisher |
| 37:12 | Build | Archery Range |
| 37:26 | Research | Long Swordsman (upgrade) |
| 37:27 | Research | Squires |
| 37:33 | Create | Villager (Male) |
| 37:34 | Create | Villager (Male) |
| 37:40 | Research | Leather Archer Armor |
| 38:23 | Build | University |
| 38:44 | Create | Skirmisher |
| 38:45 | Create | Skirmisher |
| 38:45 | Create | Skirmisher |
| 38:45 | Create | Skirmisher |
| 38:46 | Create | Skirmisher |
| 38:53 | Build | House |
| 39:08 | Research | Grand Trunk Road |
| 39:19 | Create | Camel Scout |
| 39:20 | Create | Camel Scout |
| 39:42 | Build | Mill |
| 40:11 | Create | Archer |
| 40:11 | Create | Archer |
| 40:13 | Create | Cavalry Archer |
| 40:13 | Create | Cavalry Archer |
| 40:14 | Create | Cavalry Archer |
| 40:28 | Research | Iron Casting |
| 41:33 | Research | Hand Cart |
Build order — bxyao
First 150 of 410 actions detected
| 0:06 | Build | House |
| 0:18 | Create | Villager (Male) |
| 0:18 | Create | Villager (Male) |
| 0:18 | Create | Villager (Male) |
| 0:19 | Create | Villager (Male) |
| 0:19 | Create | Villager (Male) |
| 0:19 | Create | Villager (Male) |
| 2:11 | Create | Villager (Male) |
| 2:11 | Create | Villager (Male) |
| 2:11 | Create | Villager (Male) |
| 2:42 | Build | Palisade Wall |
| 2:59 | Create | Villager (Male) |
| 3:00 | Create | Villager (Male) |
| 3:39 | Build | House |
| 3:52 | Create | Villager (Male) |
| 3:53 | Create | Villager (Male) |
| 4:27 | Build | House |
| 5:19 | Build | House |
| 5:42 | Build | Palisade Wall |
| 5:51 | Create | Villager (Male) |
| 5:52 | Create | Villager (Male) |
| 6:17 | Build | Mill |
| 6:54 | Create | Villager (Male) |
| 6:54 | Create | Villager (Male) |
| 7:19 | Build | Lumber Camp |
| 7:41 | Create | Villager (Male) |
| 8:04 | Create | Villager (Male) |
| 8:31 | Create | Villager (Male) |
| 8:46 | Create | Villager (Male) |
| 9:07 | Create | Villager (Male) |
| 10:11 | Create | Villager (Male) |
| 10:12 | Create | Villager (Male) |
| 11:23 | Create | Villager (Male) |
| 11:24 | Create | Villager (Male) |
| 11:54 | Build | Farm |
| 12:13 | Create | Villager (Male) |
| 12:22 | Build | Farm |
| 12:39 | Build | Farm |
| 12:45 | Build | Farm |
| 12:50 | Build | Farm |
| 12:54 | Build | Farm |
| 13:00 | Build | Farm |
| 13:08 | Build | Farm |
| 13:15 | Build | Farm |
| 13:22 | Research | Feudal Age |
| 13:59 | Build | Farm |
| 14:11 | Build | Farm |
| 14:17 | Build | Farm |
| 14:40 | Age | Feudal Age |
| 14:42 | Build | House |
| 14:48 | Research | Wheelbarrow |
| 15:00 | Research | Double-Bit Axe |
| 15:21 | Research | Horse Collar |
| 15:33 | Build | House |
| 15:55 | Create | Villager (Male) |
| 15:55 | Create | Villager (Male) |
| 16:02 | Build | House |
| 16:12 | Create | Villager (Male) |
| 16:12 | Create | Villager (Male) |
| 16:32 | Build | House |
| 17:11 | Build | Mining Camp |
| 17:32 | Build | Mining Camp |
| 17:41 | Build | Farm |
| 17:46 | Create | Villager (Male) |
| 17:46 | Create | Villager (Male) |
| 17:46 | Create | Villager (Male) |
| 17:52 | Build | Farm |
| 18:30 | Create | Villager (Male) |
| 18:48 | Research | Gold Mining |
| 18:49 | Research | Stone Mining |
| 19:07 | Build | Farm |
| 19:28 | Create | Villager (Male) |
| 19:29 | Create | Villager (Male) |
| 19:37 | Build | Lumber Camp |
| 20:01 | Build | Farm |
| 20:05 | Create | Villager (Male) |
| 20:06 | Create | Villager (Male) |
| 20:24 | Build | Farm |
| 20:53 | Create | Villager (Male) |
| 20:53 | Create | Villager (Male) |
| 21:22 | Create | Villager (Male) |
| 21:22 | Create | Villager (Male) |
| 21:31 | Create | Villager (Male) |
| 21:42 | Build | Market |
| 22:09 | Build | Blacksmith |
| 22:57 | Build | Farm |
| 23:28 | Research | Castle Age |
| 24:02 | Build | House |
| 24:06 | Build | House |
| 25:04 | Age | Castle Age |
| 25:13 | Research | Hand Cart |
| 25:50 | Create | Villager (Male) |
| 25:51 | Create | Villager (Male) |
| 25:51 | Create | Villager (Male) |
| 25:56 | Research | Bow Saw |
| 25:59 | Research | Heavy Plow |
| 26:04 | Research | Stone Shaft Mining |
| 26:04 | Research | Gold Shaft Mining |
| 27:13 | Build | Castle |
| 27:38 | Build | Barracks |
| 27:47 | Create | Villager (Male) |
| 27:47 | Create | Villager (Male) |
| 27:47 | Create | Villager (Male) |
| 27:48 | Create | Villager (Male) |
| 27:48 | Create | Villager (Male) |
| 27:48 | Create | Villager (Male) |
| 28:51 | Build | Stable |
| 29:20 | Build | Town Center |
| 29:26 | Create | Villager (Male) |
| 29:27 | Create | Villager (Male) |
| 29:27 | Create | Villager (Male) |
| 29:27 | Create | Villager (Male) |
| 29:27 | Create | Villager (Male) |
| 29:37 | Build | Stable |
| 29:53 | Build | Archery Range |
| 30:13 | Build | Siege Workshop |
| 30:19 | Build | University |
| 30:33 | Build | Mining Camp |
| 31:19 | Build | House |
| 31:22 | Build | House |
| 31:25 | Build | House |
| 31:30 | Build | House |
| 32:07 | Create | Villager (Male) |
| 32:07 | Create | Villager (Male) |
| 32:07 | Create | Villager (Male) |
| 32:07 | Create | Villager (Male) |
| 32:07 | Create | Villager (Male) |
| 32:08 | Create | Villager (Male) |
| 32:08 | Create | Villager (Male) |
| 32:08 | Create | Villager (Male) |
| 32:09 | Create | Villager (Male) |
| 33:11 | Research | Imperial Age |
| 33:35 | Build | Mining Camp |
| 33:41 | Research | Forging |
| 33:42 | Research | Scale Barding Armor |
| 33:43 | Research | Fletching |
| 33:44 | Research | Padded Archer Armor |
| 34:38 | Build | Monastery |
| 35:05 | Age | Imperial Age |
| 35:08 | Build | Castle |
| 35:15 | Build | House |
| 35:17 | Build | House |
| 35:19 | Build | House |
| 35:21 | Build | House |
| 35:24 | Build | House |
| 35:27 | Build | House |
| 35:57 | Build | Lumber Camp |
| 36:04 | Research | Crop Rotation |
| 36:15 | Research | Elite Karambit Warrior (upgrade) |
| 36:16 | Research | Conscription |
Match timeline
| 0:25 | Nashushamen · wall_segment Palisade Wall x11 |
| 0:34 | Tr4ppDinTiMe · wall_segment Palisade Wall x3 |
| 0:39 | Tr4ppDinTiMe · wall_segment Palisade Wall x3 |
| 0:41 | Nashushamen · wall_segment Palisade Wall x8 |
| 1:08 | Nashushamen · wall_segment Palisade Wall x8 |
| 1:25 | PRIMUS INTER PARES · wall_segment Palisade Wall x8 |
| 2:02 | guillo · wall_segment Palisade Wall x18 |
| 2:42 | bxyao · wall_segment Palisade Wall x8 |
| 3:15 | PRIMUS INTER PARES · wall_segment Palisade Wall x5 |
| 4:40 | Tr4ppDinTiMe · wall_segment Palisade Wall x16 |
| 5:42 | bxyao · wall_segment Palisade Wall x9 |
| 6:08 | Tr4ppDinTiMe · wall_segment Palisade Wall x1 |
| 6:25 | Tr4ppDinTiMe · wall_segment Palisade Wall x1 |
| 7:12 | paingerman · first_building Barracks |
| 7:29 | PRIMUS INTER PARES · wall_segment Palisade Wall x19 |
| 8:02 | guillo · first_building Dock |
| 8:18 | KrawatteFaser37 · first_building Barracks |
| 8:49 | paingerman · wall_segment Palisade Wall x10 |
| 8:54 | paingerman · wall_segment Palisade Wall x8 |
| 10:18 | KrawatteFaser37 · first_building Dock |
| 11:27 | paingerman · age_up feudal |
| 12:01 | paingerman · wall_segment Palisade Wall x1 |
| 12:18 | guillo · first_building Barracks |
| 12:21 | Tr4ppDinTiMe · first_building Dock |
| 13:03 | KrawatteFaser37 · first_building Archery Range |
| 13:07 | guillo · age_up feudal |
| 14:40 | bxyao · age_up feudal |
| 15:26 | Tr4ppDinTiMe · age_up feudal |
| 16:15 | jotape07 · age_up feudal |
| 16:49 | Nashushamen · age_up feudal |
| 16:56 | paingerman · first_building Stable |
| 17:08 | Nashushamen · wall_segment Stone Wall x18 |
| 17:18 | Nashushamen · wall_segment Stone Wall x11 |
| 18:18 | PRIMUS INTER PARES · age_up feudal |
| 19:10 | Nashushamen · wall_segment Stone Wall x13 |
| 19:16 | Nashushamen · wall_segment Stone Wall x11 |
| 19:34 | Nashushamen · wall_segment Stone Wall x12 |
| 20:41 | Tr4ppDinTiMe · first_building Barracks |
| 20:53 | paingerman · age_up castle |
| 22:05 | Nashushamen · first_building Barracks |
| 22:09 | Nashushamen · wall_segment Stone Wall x1 |
| 22:11 | KrawatteFaser37 · first_building Stable |
| 22:20 | Tr4ppDinTiMe · first_building Archery Range |
| 22:44 | jotape07 · first_building Barracks |
| 23:13 | KrawatteFaser37 · first_market_sell 100 food |
| 23:42 | jotape07 · age_up castle |
| 23:46 | guillo · age_up castle |
| 23:57 | guillo · first_building Castle |
| 23:57 | Nashushamen · first_building Stable |
| 24:23 | Nashushamen · wall_segment Stone Wall x4 |
| 25:04 | bxyao · age_up castle |
| 25:08 | Tr4ppDinTiMe · wall_segment Stone Wall x3 |
| 25:18 | Tr4ppDinTiMe · wall_segment Stone Wall x7 |
| 25:43 | Tr4ppDinTiMe · age_up castle |
| 26:00 | guillo · first_building Monastery |
| 26:01 | Nashushamen · wall_segment Stone Wall x2 |
| 26:03 | jotape07 · first_building Stable |
| 26:11 | PRIMUS INTER PARES · first_building Barracks |
| 26:14 | KrawatteFaser37 · first_building Monastery |
| 27:13 | bxyao · first_building Castle |
| 27:36 | jotape07 · first_building Monastery |
| 27:38 | bxyao · first_building Barracks |
| 28:42 | paingerman · first_building Archery Range |
| 28:51 | bxyao · first_building Stable |
| 29:12 | paingerman · first_building Castle |
| 29:53 | bxyao · first_building Archery Range |
| 30:13 | bxyao · first_building Siege Workshop |
| 30:14 | paingerman · first_building Siege Workshop |
| 30:16 | Tr4ppDinTiMe · first_building Stable |
| 31:11 | Tr4ppDinTiMe · first_building Monastery |
| 31:49 | PRIMUS INTER PARES · first_building Archery Range |
| 32:06 | guillo · first_building Siege Workshop |
| 32:15 | PRIMUS INTER PARES · first_building Stable |
| 32:16 | Nashushamen · age_up castle |
| 32:23 | Nashushamen · first_building Castle |
| 32:27 | Nashushamen · wall_segment Stone Wall x2 |
| 32:38 | jotape07 · first_building Castle |
| 32:40 | PRIMUS INTER PARES · age_up castle |
| 32:51 | Tr4ppDinTiMe · wall_segment Stone Wall x6 |
| 32:58 | PRIMUS INTER PARES · first_building Castle |
| 33:05 | KrawatteFaser37 · first_building Castle |
| 33:14 | Tr4ppDinTiMe · wall_segment Stone Wall x1 |
| 34:00 | Nashushamen · first_building Monastery |
| 34:38 | bxyao · first_building Monastery |
| 34:46 | Tr4ppDinTiMe · first_building Castle |
| 35:04 | Tr4ppDinTiMe · age_up imperial |
| 35:05 | bxyao · age_up imperial |
| 35:54 | Tr4ppDinTiMe · wall_segment Stone Wall x6 |
| 35:55 | PRIMUS INTER PARES · first_building Siege Workshop |
| 36:06 | guillo · age_up imperial |
| 36:07 | Tr4ppDinTiMe · wall_segment Stone Wall x11 |
| 36:40 | Nashushamen · wall_segment Palisade Wall x4 |
| 37:42 | Nashushamen · first_building Siege Workshop |
| 38:38 | paingerman · age_up imperial |
| 40:05 | jotape07 · age_up imperial |
| 40:56 | Tr4ppDinTiMe · wall_segment Stone Wall x6 |
| 41:15 | Tr4ppDinTiMe · wall_segment Stone Wall x1 |
| 41:31 | Nashushamen · age_up imperial |
| 41:34 | Tr4ppDinTiMe · wall_segment Stone Wall x1 |
| 43:50 | Tr4ppDinTiMe · wall_segment Stone Wall x1 |
| 47:25 | Tr4ppDinTiMe · wall_segment Stone Wall x1 |
| 48:12 | Tr4ppDinTiMe · first_building Siege Workshop |
| 48:50 | PRIMUS INTER PARES · age_up imperial |
| 50:32 | guillo · first_market_buy 100 stone |
| 52:52 | guillo · first_market_sell 100 wood |
| 53:56 | Tr4ppDinTiMe · wall_segment Stone Wall x9 |
| 54:06 | Tr4ppDinTiMe · wall_segment Stone Wall x4 |
| 54:17 | Tr4ppDinTiMe · wall_segment Stone Wall x5 |
| 54:29 | Tr4ppDinTiMe · wall_segment Stone Wall x18 |
| 54:48 | Tr4ppDinTiMe · wall_segment Stone Wall x4 |
| 57:17 | jotape07 · first_market_sell 100 wood |
| 58:47 | Tr4ppDinTiMe · wall_segment Stone Wall x7 |
| 58:52 | paingerman · wall_segment Palisade Wall x9 |
| 58:52 | Nashushamen · resign |
| 58:55 | Tr4ppDinTiMe · wall_segment Stone Wall x2 |
| 59:04 | Tr4ppDinTiMe · wall_segment Stone Wall x1 |
| 61:22 | Tr4ppDinTiMe · wall_segment Stone Wall x5 |
[ AI ANALYSIS · 1 CREDIT ]
What really happened in this match?
Wolo.gg analyzes every decision: build order, eco, micro, common mistakes by bracket. Personalized analysis on WhatsApp or Discord in 30 seconds.
Civ guide
Cumans
Map guide
Black Forest
Perfil
Jugador #18190801